 Dungeon Sprint DCSS version 0.31-a0-152-g6aa68a64a1 (webtiles) character file.

Game seed: 14327138446750155872

3833 Conn the Arsonist (level 10, -10/58 HPs)
             Began as an Octopode Fire Elementalist on June 11, 2023.
             Was a Priest of Sif Muna.
             Killed from afar by a death drake (19 damage)
             ... with a foul vapour
             ... in the Dungeon (Sprint II: "The Violet Keep of Menkaure").
             The game lasted 00:14:35 (1135 turns).

Conn the Arsonist (Octopode Fire Elementalist)      Turns: 1135, Time: 00:14:39

Health: -10/58     AC:  1    Str:  8    XL:     10   Next: 18%
Magic:  13/24      EV: 15    Int: 25    God:    Sif Muna [***...]
Gold:   433        SH:  0    Dex: 14    Spells: 12/29 levels left

rFire   + . .        l - staff of fire "Vuosepn" {rPois rF+ Int+3 Dex+2}
rCold   + . .        (no shield)
rNeg    . . .        (helmet restricted)
rPois   +            (no amulet)
rElec   .            k - ring of protection from cold
rCorr   .            r - ring of flight
SInv    .            (no ring)
Will    .....        (no ring)
Stlth   +++++        (no ring)
HPRegen 0.29/turn    (no ring)
MPRegen 0.19/turn    (no ring)
                     (no ring)

%: no teleportation
@: flying, slowed, very slow
A: almost no armour, amphibious, 8 rings, camouflage 1, gelatinous body 1,
(nimble swimmer 1), tentacles
a: Renounce Religion, Channel Magic, Forget Spell


You were in the Dungeon.
You worshipped Sif Muna.
Sif Muna was most pleased with you.
You visited 1 branch You collected 649 gold pieces.
You spent 216 gold pieces at shops.

Inventory:

Hand Weapons
 t - a +1 dagger of draining
Armour
 n - a +3 kite shield of protection
 s - an orb of energy
Magical Staves
 l - the staff of fire "Vuosepn" (weapon) {rPois rF+ Int+3 Dex+2}
   (You acquired it in the Dungeon)

   [staff of fire]

   Base accuracy: +5 Base damage: 5 Base attack delay: 1.2 This weapon's minimum
   attack delay (0.6) is reached at skill level 12.
   Int:       It affects your intelligence (+3).
   Dex:       It affects your dexterity (+2).
   rF:        It protects you from fire.
   rPois:     It protects you from poison.
   It falls into the 'Staves' category.
   It is a one-tentacled weapon.
Jewellery
 k - a ring of protection from cold (left tentacle)
 r - a ring of flight (right tentacle)
Wands
 e - a wand of acid (3)
Scrolls
 f - 2 scrolls of blinking
 g - a scroll of fear
 i - a scroll of fog
 p - a scroll of vulnerability
Potions
 a - 4 potions of magic
 b - 2 potions of curing
 c - 3 potions of heal wounds
 d - a potion of haste
 h - a potion of lignification
 j - 3 potions of ambrosia
 m - 2 potions of enlightenment
 o - 2 potions of resistance


   Skills:
 + Level 1.1 Fighting
 + Level 6.0 Dodging
 - Level 7.6 Stealth
 * Level 7.6 Shields
 - Level 2.6 Unarmed Combat
 + Level 10.4 Spellcasting
 * Level 7.8 Conjurations
 + Level 4.4 Hexes
 + Level 5.6 Summonings
 + Level 13.1 Fire Magic
 * Level 5.3 Invocations


You had 12 spell levels left.
You knew the following spells:

 Your Spells              Type           Power      Damage    Failure   Level
a - Foxfire               Conj/Fire      100%       2x1d9     1%          1
b - Scorch                Fire           100%       2d9       1%          2
c - Inner Flame           Hex/Fire       71%        N/A       1%          3
d - Flame Wave            Conj/Fire      78%        2d17      1%          4
e - Summon Small Mammal   Summ           100%       N/A       1%          1
f - Summon Guardian Gole  Hex/Summ       38%        N/A       1%          3
g - Call Canine Familiar  Summ           41%        N/A       1%          3

Your spell library contained the following spells:

 Spells                   Type           Power      Damage    Failure   Level
 Volatile Blastmotes      Fire/Tloc      100%       2d18      1%          3
 Portal Projectile        Hex/Tloc       48%        N/A       6%          3
 Leda's Liquefaction      Hex/Erth       12%        N/A       19%         4


Dungeon Overview and Level Annotations

Branches:
Dungeon (1/1)

Altars:
Cheibriados
Dithmenos
Elyvilon
Fedhas
Gozag
Hepliaklqana
Kikubaaqudgha
Makhleb
Nemelex Xobeh
Okawaru
Qazlal
Ru
Sif Muna
Trog
Uskayaw
Vehumet
Wu Jian
Xom
Yredelemnul
Zin
The Shining One
Jiyva
Lugonu

Shops:
D (:*=[=[!(:[=[?!

Annotations:
D exclusions: oklob plant and orange crystal statue


Innate Abilities, Weirdness & Mutations

You cannot wear most types of armour.
You are amphibious.
You can wear up to eight rings at the same time.
Your skin changes colour to match your surroundings (Stealth+).
Your rubbery body absorbs attacks. (AC +1, EV +1)
((You are camouflaged when in or above water. (Stealth+)))
You have tentacles for arms and can constrict up to eight enemies at once.


Message History

Aiming: Corrosive Bolt
Press: ? - help, Shift-Dir - straight line, f - death drake
Aim: a death drake (flame, 57% to hit)
Okay, then.
Casting: Inner Flame (safe; 1% risk of failure)
Confirm with . or Enter, or press ? or * to list all spells.
Aiming: Inner Flame (safe; 1% risk of failure)
Press: ? - help, Dir - move target, f - death drake
Aim: a death drake (flame, chance to affect: 91%)
You feel a surge of power!
The death drake barely resists.
You are engulfed in dark miasma.
You feel extremely sick.
The death drake is engulfed in blazing flames.
Flame seeps out of the death drake.
The death drake fails to trigger a net trap.
The death drake is engulfed in blazing flames.
The death drake breathes miasma at you. The foul vapour misses you.
Unknown command.
Unknown command.
Unknown command.
You feel better.
The death drake is engulfed in blazing flames.
The death drake barely misses you.
Casting: Inner Flame (safe; 1% risk of failure)
Confirm with . or Enter, or press ? or * to list all spells.
A guardian golem appears, shielding your allies.
The death drake bites your guardian golem.
The death drake breathes miasma at you. The foul vapour misses you.
The death drake bites your guardian golem.
The swamp drake fails to trigger a net trap.
The death drake closely misses you.
You are engulfed in dark miasma.
The death drake breathes miasma at you. The foul vapour engulfs you!
* * * LOW HITPOINT WARNING * * *
The death drake breathes miasma at you. The foul vapour engulfs you!!
You die...

. .. .#))▓)[).....▓▓ # .. #.
.#:}▓..)[.([.▓▓ # ##.####
+.##k#||▓)..(.)([▓▓ l# #l ...#
...####▓(.).(..[▓▓ .#. #..##
#kk##.#▓.(...).[▓▓ ##+# .##..#
+9°#..#▓[.).[...▓▓ ##.##.m.#..#
#k°#..#▓.)).[)..▓▓ '†<.+.#
+..####○°##.#▓.((.[)..▓▓
##.##...#....###@°.##▓▓▓▓▓▓▓'▓▓▓▓
##+# .##....○○○°°~~~~~~~~~§...≈≈
.#$ ###~~...§○○#'########§###§≈≈
.B B.#~~~~~~§○○○#_._.....#~~~##≈≈
#. .##~~~§§~~○.~#._._....#~§≈≈###
##+##~~~≈§§~~~~~#_._._...#~~~§≈##
~~~~~~~~~§§§§~~§#._._._..#~§~≈§≈#
++#+++#§§§§§§§§~#_._._._.#~~~~~≈'
≈≈≈≈≈ ##§≈≈###§≈#._._._._#~~~§§~#


You could see 2 death drakes, 2 swamp drakes and a friendly guardian golem
(summoned).

Vanquished Creatures
  2 deep trolls (D)
  A yaktaur (D)
  A polar bear (D)
  A hornet (D)
  A blink frog (D)
  Menkaure (D)
  4 water moccasins (D)
  3 worms (D)
  2 tentacles (D)
16 creatures vanquished.

Vanquished Creatures (others)
  A kraken (D)
  2 polar bears (D)
  30 foxfires (D)
  26 tentacles (D)
59 creatures vanquished.

Grand Total: 75 creatures vanquished

Notes
Turn   | Place    | Note
-------+----------+-------------------------------------------
     0 | D        | Conn the Octopode Fire Elementalist began the quest for the
                  | Orb.
     0 | D        | Reached XP level 1. HP: 11/11 MP: 3/3
     6 | D        | Noticed a wyvern
     6 | D        | Noticed a wyvern
     9 | D        | Noticed a merfolk siren
    12 | D        | Noticed a boulder beetle
    12 | D        | Noticed a boulder beetle
    27 | D        | Reached skill level 4 in Fire Magic
    27 | D        | Reached XP level 2. HP: 17/17 MP: 0/5
    43 | D        | Learned a level 2 spell: Scorch
    43 | D        | Found Ohouplag's Distillery.
    43 | D        | Found Hyxat's Armour Boutique.
    43 | D        | Found Plog's Jewellery Shop.
    44 | D        | Found Cityoree's Antique Armour Shop.
    44 | D        | Found Riyrrues's Book Boutique.
    44 | D        | Found Bidogoqi's Antique Weapon Shop.
    44 | D        | Found Etaeg's Distillery.
    45 | D        | Found Nofem's Jewellery Boutique.
    45 | D        | Found Hois's Antique Armour Shop.
    45 | D        | Noticed a shining eye
    46 | D        | Found Poqaq's Magic Scroll Shop.
    46 | D        | Found Uticoaff's Antique Armour Boutique.
    46 | D        | Noticed Menkaure
    62 | D        | Killed Menkaure
    63 | D        | Reached skill level 1 in Unarmed Combat
    63 | D        | Reached skill level 7 in Fire Magic
    63 | D        | Reached XP level 3. HP: 12/21 MP: 4/8
    63 | D        | Reached XP level 4. HP: 15/27 MP: 5/10
    63 | D        | Reached XP level 5. HP: 17/31 MP: 5/11
    71 | D        | Noticed a blink frog
    75 | D        | Killed a blink frog
    76 | D        | Reached skill level 5 in Dodging
    76 | D        | Reached skill level 5 in Spellcasting
    76 | D        | Reached skill level 9 in Fire Magic
    76 | D        | Reached XP level 6. HP: 24/36 MP: 2/14
    86 | D        | Found Curepad's Jewellery Boutique.
    86 | D        | Found Hivaank's Assorted Antiques.
    86 | D        | Noticed a shining eye
    86 | D        | Noticed a shining eye
    86 | D        | Noticed an oklob plant
    87 | D        | Found Uczogel's Book Shoppe.
    87 | D        | Found Raefi's Antique Weapon Boutique.
    89 | D        | Noticed a manticore
    89 | D        | Noticed a manticore
    90 | D        | Noticed a manticore
   113 | D        | Bought a crooked wooden wand for 80 gold pieces
   118 | D        | Bought a scroll of fear for 48 gold pieces
   119 | D        | Bought a potion of lignification for 33 gold pieces
   119 | D        | Bought a potion of heal wounds for 55 gold pieces
   140 | D        | Noticed an orange crystal statue
   149 | D        | Found an iron altar of Okawaru.
   149 | D        | Found a radiant altar of Vehumet.
   149 | D        | Found a glowing silver altar of Zin.
   150 | D        | Found a sparkling altar of Nemelex Xobeh.
   150 | D        | Found a hide-covered altar of Uskayaw.
   151 | D        | Found an opulent altar of Gozag.
   151 | D        | Found a burning altar of Makhleb.
   151 | D        | Found a bloodstained altar of Trog.
   151 | D        | Found a basalt altar of Yredelemnul.
   152 | D        | Found a blossoming altar of Fedhas.
   152 | D        | Found a corrupted altar of Lugonu.
   152 | D        | Found a shimmering blue altar of Sif Muna.
   153 | D        | Found a white marble altar of Elyvilon.
   153 | D        | Found an ancient bone altar of Kikubaaqudgha.
   154 | D        | Found a shadowy altar of Dithmenos.
   154 | D        | Found a viscous altar of Jiyva.
   155 | D        | Found a snail-covered altar of Cheibriados.
   155 | D        | Noticed a water moccasin
   156 | D        | Killed a water moccasin
   158 | D        | Found a shimmering altar of Xom.
   158 | D        | Found a sacrificial altar of Ru.
   158 | D        | Found a hazy altar of Hepliaklqana.
   159 | D        | Found a glowing golden altar of the Shining One.
   159 | D        | Found an ornate altar of the Wu Jian Council.
   159 | D        | Found a stormy altar of Qazlal.
   161 | D        | Noticed a water moccasin
   165 | D        | Became a worshipper of Sif Muna the Loreminder
   175 | D        | Noticed a water moccasin
   179 | D        | Noticed a kraken
   306 | D        | Identified 2 scrolls of acquirement
   306 | D        | Acquired the staff of fire "Vuosepn" {rPois rF+ Int+3
                  | Dex+2}
   309 | D        | Acquired a +2 kite shield of protection
   325 | D        | Learned a level 3 spell: Inner Flame
   330 | D        | Learned a level 4 spell: Flame Wave
   332 | D        | Learned a level 1 spell: Summon Small Mammal
   336 | D        | Learned a level 3 spell: Summon Guardian Golem
   534 | D        | Killed a water moccasin
   535 | D        | Reached skill level 1 in Shields
   535 | D        | Reached skill level 10 in Fire Magic
   535 | D        | Reached XP level 7. HP: 41/41 MP: 10/16
   541 | D        | Noticed a yaktaur
   541 | D        | Noticed a hornet
   541 | D        | Noticed a polar bear
   541 | D        | Noticed a polar bear
   553 | D        | Killed a polar bear
   554 | D        | Killed a polar bear
   554 | D        | Reached * piety under Sif Muna
   554 | D        | Killed a hornet
   555 | D        | Reached skill level 5 in Conjurations
   555 | D        | Reached skill level 1 in Hexes
   555 | D        | Reached skill level 11 in Fire Magic
   555 | D        | Reached XP level 8. HP: 46/46 MP: 1/19
   568 | D        | Reached ** piety under Sif Muna
   585 | D        | Noticed a flying skull
   629 | D        | Noticed a flying skull
   629 | D        | Noticed a flying skull
   629 | D        | Noticed a flying skull
   629 | D        | Noticed a flying skull
   629 | D        | Noticed a flying skull
   633 | D        | Killed a yaktaur
   634 | D        | Reached skill level 5 in Shields
   698 | D        | Noticed a deep troll
   698 | D        | Noticed a deep troll
   710 | D        | Killed a deep troll
   711 | D        | Reached skill level 12 in Fire Magic
   711 | D        | Reached XP level 9. HP: 52/52 MP: 6/21
   721 | D        | Killed a deep troll
   722 | D        | Reached skill level 1 in Fighting
   967 | D        | Killed a kraken
   968 | D        | Reached skill level 10 in Spellcasting
   968 | D        | Reached skill level 5 in Summonings
   968 | D        | Reached skill level 13 in Fire Magic
   968 | D        | Reached skill level 5 in Invocations
   968 | D        | Reached XP level 10. HP: 36/58 MP: 16/24
  1000 | D        | Learned a level 3 spell: Call Canine Familiar
  1015 | D        | Reached *** piety under Sif Muna
  1127 | D        | Noticed a death drake
  1127 | D        | Noticed a death drake
  1130 | D        | Noticed a crystal guardian
  1135 | D        | Killed from afar by a death drake

Illustrated notes

Levels and vault maps discovered:
D:        the_violet_keep_of_menkaure [sprint2_stairs_cluster_1,
          sprint2_shoproom, sprint2_temple, sprint2_basic_supplies,
          sprint2_obstacle_4, sprint2_obstacle_2, sprint2_obstacle_6,
          sprint2_obstacle_3, sprint2_obstacle_7, sprint2_timed_cluster_1,
          sprint2_smallroom_cluster_1, sprint2_smallroom_final_cluster_1,
          sprint2_transparent_cluster_1, sprint2_second_timed_cluster_1,
          sprint2_sniper_area_1, sprint2_heavy_combat_area_1,
          sprint2_mutation_trap_area_1, sprint2_forest_area_1,
          sprint2_light_combat_area_1, sprint2_behind_water_1,
          sprint2_near_end_vault_1]

Skill      XL: |  1  2  3  4  5  6  7  8  9 |
---------------+----------------------------+-----
Stealth        | 3 4 6 7 |  7.6
Fire Magic     | 4 7 9 10 11 12 13 | 13.1
Dodging        | 4 5 6 |  6.0
Unarmed Combat | 1 2 |  2.6
Spellcasting   | 4 5 6 7 8 10 | 10.4
Conjurations   | 2 3 5 6 7 |  7.8
Shields        | 1 4 6 7 |  7.6
Summonings     | 3 4 5 |  5.6
Hexes          | 1 2 4 |  4.4
Invocations    | 2 5 |  5.3
Fighting       | 1 |  1.1

Action                     |  1- 3 |  4- 6 |  7- 9 | 10-12 || total
---------------------------+-------+-------+-------+-------++-------
  Melee: Unarmed           |     6 |       |       |       ||     6
         Constrict         |     3 |       |       |       ||     3
         Staff             |       |       |     1 |       ||     1
   Cast: Foxfire           |     7 |     2 |    10 |       ||    19
         Scorch            |     1 |     4 |    17 |     5 ||    27
         Inner Flame       |       |       |    11 |     3 ||    14
         Summon Small Mamm |       |       |    11 |       ||    11
         Summon Guardian G |       |       |     7 |     1 ||     8
         Flame Wave        |       |       |     1 |       ||     1
 Invoke: Channel Magic     |       |       |     2 |       ||     2
  Evoke: Wand              |       |       |       |     2 ||     2
    Use: Potion            |     2 |     3 |     1 |     1 ||     7
         Scroll            |       |     6 |       |       ||     6
  Dodge: Dodged            |     2 |     2 |     5 |     7 ||    16

Table legend: (Time is in decaauts)
 A = Elapsed time spent in this place.
 B = Non-inter-level travel time spent in this place.
 C = Inter-level travel time spent in this place.
 D = Time resting spent in this place.
 E = Time spent auto-exploring this place.
 F = Levels seen in this place.
 G = Mean time per level.
                   A        B        C        D        E       F      G
               +--------+--------+--------+--------+--------+-----+--------+
         Total |   1145 |   1145 |      0 |    435 |      0 |   1 | 1145.0 |
       Dungeon |   1145 |   1145 |      0 |    435 |      0 |   1 | 1145.0 |
               +--------+--------+--------+--------+--------+-----+--------+

Top non-repeatable levels by time:
       D: 1145 daAuts
